 Dungeon Crawl Stone Soup version 0.26-a0-259-g1effd001a9 (webtiles) character file.

Game seed: 3123189981055969173

431 Fjolswid the Shield-Bearer (level 6, -9/53 HPs)
             Began as a Minotaur Fighter on July 10, 2020.
             Hit by a boomerang thrown by an orc warrior (16 damage)
             ... on level 6 of the Dungeon.
             The game lasted 00:13:17 (3795 turns).

Fjolswid the Shield-Bearer (Minotaur Fighter)       Turns: 3795, Time: 00:13:17

Health: -9/53      AC:  7    Str: 23    XL:     6   Next: 66%
Magic:  5/5        EV:  8    Int:  5    God:
Gold:   66         SH: 10    Dex:  9    Spells: 5/5 levels left

rFire    + . .     SeeInvis .   E - +7 spear "Tauryerph" {drain, rElec rPois MR-}
rCold    . . .     Faith    .   c - +0 kite shield
rNeg     . . .     Spirit   .   b - +0 scale mail {Kill}
rPois    +         Reflect  .   (helmet restricted)
rElec    +         Harm     .   (no cloak)
rCorr    .                      (no gloves)
MR       .....                  (no boots)
Stlth    ..........             (no amulet)
HPRegen  0.17/turn              B - ring of protection from fire
MPRegen  0.09/turn              (no ring)

@: no status effects
A: retaliatory headbutt, horns 2
a: no special abilities


You were on level 6 of the Dungeon.
You were full.

You visited 1 branch of the dungeon, and saw 7 of its levels.

You collected 66 gold pieces.

Inventory:

Hand Weapons
 a - a +0 war axe
 h - a +0 mace
 j - a +0 short sword
 m - a +0 dagger
 n - a +0 club
 r - a +0 club
 y - a +0 whip
 D - a +0 rapier
 E - the +7 spear "Tauryerph" (weapon) {drain, rElec rPois MR-}
   (You found it on level 6 of the Dungeon)

   A truly terrible weapon, it drains the life of those it strikes.
   It insulates you from electricity.
   It protects you from poison.
   It affects your resistance to hostile enchantments.
Missiles
 g - 6 atropa-tipped darts (quivered)
 k - 55 stones
 o - 8 boomerangs
 t - 11 poisoned darts
 C - 15 sling bullets
 J - 16 arrows
Armour
 b - a +0 scale mail (worn) {Kill}
 c - a +0 kite shield (worn)
 e - a +0 plate armour
 q - a +0 ring mail
 s - a +0 ring mail
 F - a cursed -2 chain mail
Jewellery
 B - a ring of protection from fire (left hand)
Wands
 I - a wand of disintegration (12)
Scrolls
 i - a scroll of blinking {unknown}
 p - a scroll of fog {unknown}
 w - a scroll of enchant weapon {unknown}
 z - 2 scrolls of immolation {unknown}
 A - a scroll of teleportation
 G - a scroll of remove curse {unknown}
 H - a scroll of random uselessness {unknown}
Potions
 d - a potion of might
 l - 2 potions of curing
 u - a potion of lignification {unknown}
 v - a potion of cancellation {unknown}
 x - a potion of haste {unknown}
Comestibles
 f - 2 rations


   Skills:
 + Level 4.6 Fighting
 + Level 0.6 Short Blades
 + Level 2.8(3.7) Axes
 + Level 3.5(4.1) Maces & Flails
 + Level 0.1(1.7) Polearms
 + Level 1.0 Throwing
 + Level 5.3 Armour
 + Level 1.1 Dodging
 + Level 0.3 Stealth
 + Level 5.7 Shields


You had 5 spell levels left.
You didn't know any spells.
Your spell library was empty.

Dungeon Overview and Level Annotations

Branches:
Dungeon (7/15)
 Temple: D:4-7

Altars:
Ashenzari
Dithmenos
Nemelex Xobeh


Innate Abilities, Weirdness & Mutations

You reflexively headbutt those who attack you in melee.
You have a pair of horns on your head.


Message History

The worker ant twitches its antennae in your direction.
The orc wizard looks satisfied for a moment.
The orc warrior throws a boomerang.
The boomerang hits you.
The weapon returns to the orc warrior!
The orc wizard gestures at you while chanting.
The puff of frost hits you.
You hit the worker ant.
The worker ant is moderately wounded.
The worker ant bites you. You block the worker ant's attack.
You barely miss the worker ant.
The worker ant is moderately wounded.
You block the worker ant's attack. You block the worker ant's attack.
The orc warrior throws a boomerang.
The boomerang hits you!
* * * LOW HITPOINT WARNING * * *
The weapon returns to the orc warrior!
The worker ant bites you.
* * * LOW HITPOINT WARNING * * *
You block the worker ant's attack.
The orc warrior throws a boomerang.
The boomerang hits you!
You die...

#..##.# ##...>.# ###.##
##⌠.⌠...# ..#.. #.._..#.#
##. #.#.# #.⌠.⌠....# ##..
#.#.# #.#.##.... #...
#...##.##...# #### #...
#......####.# #...
#@.########.# #..
#.a......†..######
#..###.###..#######........
#......)oo..# #†######.
...###.#####.## #.# ..# #.#
#.# .... #..# #.# .....
#...# #.# ..... .#....# #.#


You could see an orc warrior and a worker ant.

Vanquished Creatures
  An ogre (D:5)
  2 bullfrogs
  A howler monkey (D:6)
  2 worker ants (D:6)
  A worker ant zombie (D:4)
  7 adders
  A white imp (D:5)
  A worm (D:2)
  A dart slug (D:4)
  A leopard gecko (D:6)
  3 orcs
  4 giant cockroaches
  5 goblins
  2 hobgoblins (D:2)
  4 jackals (D:2)
  4 kobolds
  7 ball pythons
  A bat (D:2)
  A frilled lizard (D:2)
  4 rats
53 creatures vanquished.

Notes
Turn   | Place    | Note
-------+----------+-------------------------------------------
     0 | D:1      | Fjolswid the Minotaur Fighter began the quest for the Orb.
     0 | D:1      | Reached XP level 1. HP: 19/19 MP: 0/0
   863 | D:1      | Reached XP level 2. HP: 27/27 MP: 1/1
   927 | D:2      | Noticed a bullfrog
   944 | D:2      | Killed a bullfrog
   944 | D:2      | Reached skill level 1 in Maces & Flails
   944 | D:2      | Reached XP level 3. HP: 25/33 MP: 2/2
   944 | D:2      | Reached XP level 4. HP: 30/40 MP: 3/3
  1305 | D:2      | Found a shattered altar of Ashenzari.
  1710 | D:2      | Found a shadowy altar of Dithmenos.
  2452 | D:2      | Reached XP level 5. HP: 31/47 MP: 4/4
  3066 | D:5      | Entered Level 5 of the Dungeon
  3081 | D:5      | Noticed an ogre
  3093 | D:5      | Killed an ogre
  3093 | D:5      | Reached skill level 5 in Armour
  3093 | D:5      | Reached skill level 5 in Shields
  3116 | D:6      | Got an ancient spear
  3117 | D:6      | Identified the +7 spear "Tauryerph" {drain, rElec rPois
                  | MR-} (You found it on level 6 of the Dungeon)
  3129 | D:6      | Reached XP level 6. HP: 51/53 MP: 5/5
  3153 | D:6      | Noticed an ice beast
  3614 | D:6      | Found a sparkling altar of Nemelex Xobeh.
  3737 | D:6      | Reached skill level 1 in Dodging
  3779 | D:6      | Noticed an orc warrior
  3785 | D:6      | Reached skill level 1 in Throwing
  3795 | D:6      | Hit by a boomerang thrown by an orc warrior

Illustrated notes

Levels and vault maps discovered:
D:1:      tarquinn_simple_flora_water_d, layout_basic
D:2:      minmay_spotlight, layout_basic, ashenzari_conservatory_becter,
          grunt_dithmenos_smoke, minmay_snake_closets
D:3:      layout_loops_ring, grunt_qazlal_clouds, overflow_temple_1_default
D:4:      layout_basic, nicolae_overflow_crystal_walls,
          minmay_temple_entry_stoned_glass, first_ration,
          minmay_misc_feat_encased, minmay_box_of_dots
D:5:      layout_loops_ring, lemuel_coloured_pillars_altar, uniq_menkaure,
          uniq_blork_the_orc
D:6:      black_bear_nest_2, layout_loops_ring, zin_statuary,
          nemelex_xobeh_ov_fountains_minmay, serial_shops,
          nicolae_shop_statue_plus, kennysheep_little_box,
          minmay_misc_feat_enclosed
D:7:      cheibrodos_quashed, layout_basic, overflow_temple_1_default

Skill      XL: |  1  2  3  4  5  6 |
---------------+-------------------+-----
Fighting       | 4 |  4.6
Maces & Flails | 1 2 3 |  3.5
Armour         | 4 5 |  5.3
Shields        | 4 5 |  5.7
Dodging        | 1 |  1.1
Throwing       | 1 |  1.0
Short Blades   | |  0.6
Axes           | |  2.8
Polearms       | |  0.1
Stealth        | |  0.3

Action                   |  1- 3 |  4- 6 || total
-------------------------+-------+-------++-------
Melee: Mace              |    40 |   106 ||   146
       War axe           |     2 |       ||     2
       Headbutt          |     6 |    23 ||    29
       Rapier            |       |     8 ||     8
       Spear             |       |    25 ||    25
Throw: Stone             |     4 |       ||     4
       Boomerang         |       |    10 ||    10
       Dart              |       |    11 ||    11
  Use: Scroll            |     1 |     1 ||     2
  Eat: Ration            |     2 |     2 ||     4
Armor: Plate armour      |    53 |     3 ||    56
       Scale mail        |     1 |    58 ||    59
Dodge: Dodged            |     9 |    49 ||    58
Block: Kite shield       |    39 |   107 ||   146

Table legend:
 A = Non-vault XP
 B = Vault XP
 C = Vault XP percentage of total XP
 D = Non-vault monster count
 E = Vault monster count
 F = Vault count percentage of total count
                 A         B        C        D         E       F
            +---------+---------+-------+---------+---------+-------
      Total |     549 |      67 |  10.9 |      40 |      13 |  24.5
            +---------+---------+-------+---------+---------+-------
        D:1 |      12 |       0 |   0.0 |       7 |       0 |   0.0
        D:2 |     131 |      67 |  33.8 |      16 |      13 |  44.8
        D:4 |      24 |       0 |   0.0 |       4 |       0 |   0.0
        D:5 |     132 |       0 |   0.0 |       2 |       0 |   0.0
        D:6 |     247 |       0 |   0.0 |      10 |       0 |   0.0
        D:7 |       3 |       0 |   0.0 |       1 |       0 |   0.0
            +---------+---------+-------+---------+---------+-------
